 Dungeon Crawl Stone Soup version 0.29.1-13-g9f3cf754e1 (webtiles) character file.

Game seed: 3739890361064979801

391018 growler the Slayer (level 22, -1/215 HPs)
             Began as a Demonspawn Wanderer on Jan 24, 2023.
             Was an Initiate of Gozag.
             Killed from afar by a deep elf annihilator (53 damage)
             ... with an iron shot
             ... on level 3 of the Elven Halls on Jan 25, 2023.
             The game lasted 02:59:47 (58272 turns).

growler the Slayer (Demonspawn Wanderer)           Turns: 58272, Time: 02:59:49

Health: -1/215     AC: 21    Str: 23    XL:     22   Next: 9%
Magic:  0/29       EV: 17    Int: 10    God:    Gozag
Gold:   5895       SH: 14    Dex: 15    Spells: 24/31 levels left

rFire   + + .      SeeInvis +   O - +6 broad axe "Utuuwkyf" {speed, rElec Will+ Stlth+}
rCold   + . .      Faith    .   W - +2 kite shield
rNeg    . . .      Spirit   +   b - +4 scale mail {Will+}
rPois   .          Reflect  .   B - +2 hat {Stlth+}
rElec   +          Harm     .   (cloak unavailable)
rCorr   .          Rampage  ∞   y - +0 pair of gloves
Will    +++..                   x - +3 pair of seven-league boots {Rampage+∞}
Stlth   +++++++...              h - amulet "Kuxokaha" {Rampage Regen+ SInv}
HPRegen 1.25/turn               k - ring of Shadows {Umbra +Inv Stlth+}
MPRegen 0.42/turn               V - ring of the Hammering Genius {rF++ SInv Stlth+}

@: mighty, gold aura, wreathed by umbra
A: robust 1, spiny 3, magic shield, magic regeneration, magic link, sturdy frame
2, weakness stinger 3, cold resistance 1, dopey 1
}: 2/15 runes: decaying, gossamer
a: Renounce Religion, Evoke Invisibility, Potion Petition, Call Merchant, Bribe
Branch


You were on level 3 of the Elven Halls.
You worshipped Gozag.
Gozag was greatly pleased with you.
You visited 8 branches of the dungeon, and saw 38 of its levels.
You visited the Abyss 2 times.

You collected 19367 gold pieces.
You spent 4391 gold pieces at shops.
You paid 9081 gold pieces to Gozag.

Inventory:

Hand Weapons
 w - a +0 demon whip of venom
 E - the +11 broad axe of the Chewing Visionary {antimagic, rElec}
   (You bought it in a shop on level 2 of the Orcish Mines)

   It reduces the magical energy of the wielder, and disrupts the spells and
   magical abilities of those it strikes.
   Natural abilities and divine invocations are not affected.
   rElec:     It insulates you from electricity.
 O - the +6 broad axe "Utuuwkyf" (weapon) {speed, rElec Will+ Stlth+}
   (You acquired it on level 15 of the Dungeon)

   Attacks with this weapon are significantly faster.
   rElec:     It insulates you from electricity.
   Will:      It increases your willpower.
   Stlth:     It makes you more stealthy.
 R - the +9 staff of Wucad Mu {*channel}
   (You acquired it on level 4 of the Lair of Beasts)

   It occasionally powers its wielder's spells, but with a chance of causing
   confusion or draining the wielder's intelligence.
   It becomes more likely to activate and less likely to backfire with increased
   Evocations skill.
Missiles
 Q - 5 datura-tipped darts
Armour
 a - the +1 pair of boots of the Ward {Dex+3}
   (You bought it in a shop on level 10 of the Dungeon)

   Dex:       It affects your dexterity (+3).
 b - a +4 scale mail of willpower (worn)
 r - the +17 plate armour "Uxzupaih" {Dex+3}
   (You bought it in a shop on level 15 of the Dungeon)

   Dex:       It affects your dexterity (+3).
 x - the +3 pair of seven-league boots (worn) {Rampage+∞}
   (You found it on level 4 of the Spider Nest)

   Its wearer moves as far as possible in that direction when moving towards
   enemies.
 y - a +0 pair of gloves (worn)
 B - a +2 hat of stealth (worn)
 W - a +2 kite shield (worn)
Jewellery
 h - the amulet "Kuxokaha" (around neck) {Rampage Regen+ SInv}
   (You found it on level 2 of the Orcish Mines)

   [amulet of regeneration]

   SInv:      It lets you see invisible.
   Regen:     It increases your rate of health regeneration.
   Rampage:   It bestows one free step when moving towards enemies.
 k - the ring of Shadows (left hand) {Umbra +Inv Stlth+}
   (You found it on level 2 of the Vaults)

   [ring of stealth]

   It surrounds you with an aura of shadow, increasing your stealth and reducing
   the accuracy of all others within it.
   +Inv:      It lets you turn invisible.
   Stlth:     It makes you more stealthy.
 V - the ring of the Hammering Genius (right hand) {rF++ SInv Stlth+}
   (You bought it in a shop on level 5 of the Lair of Beasts)

   [ring of see invisible]

   rF:        It greatly protects you from fire.
   SInv:      It lets you see invisible.
   Stlth:     It makes you more stealthy.
 Y - a ring of poison resistance
 Z - the ring of Bebesa {rC+ Int+2}
   (You found it on level 5 of the Lair of Beasts)

   [ring of protection from cold]

   Int:       It affects your intelligence (+2).
   rC:        It protects you from cold.
Wands
 l - a wand of paralysis (32)
 u - a wand of flame (94)
 A - a wand of polymorph (17)
 G - a wand of acid (32)
 J - a wand of iceblast (13)
Scrolls
 c - 11 scrolls of teleportation
 d - a scroll of blinking
 e - 3 scrolls of enchant armour
 f - 7 scrolls of fear
 i - 7 scrolls of enchant weapon
 o - 3 scrolls of butterflies
 p - a scroll of silence
 s - 7 scrolls of immolation
 D - 2 scrolls of brand weapon
 F - 9 scrolls of poison
 L - 6 scrolls of magic mapping
 M - a scroll of torment
 N - 5 scrolls of vulnerability
 P - 8 scrolls of amnesia
 U - 3 scrolls of summoning
Potions
 g - 2 potions of cancellation
 j - 8 potions of mutation
 m - 18 potions of curing
 n - 7 potions of heal wounds
 q - 3 potions of haste
 t - 7 potions of might
 v - 8 potions of lignification
 z - 5 potions of resistance
 C - a potion of magic
 H - 10 potions of flight
 I - 4 potions of brilliance
 K - 2 potions of invisibility
 S - 2 potions of berserk rage
 X - 3 potions of ambrosia
Miscellaneous
 T - a lightning rod (3/4)


   Skills:
 + Level 22.2 Fighting
 - Level 18.0 Axes
 - Level 1.7 Staves
 + Level 3.9 Throwing
 + Level 13.3 Armour
 - Level 14.0 Dodging
 + Level 10.8 Shields
 - Level 5.0 Spellcasting
 - Level 10.0 Poison Magic
 - Level 8.0 Evocations


You had 24 spell levels left.
You knew the following spells:

 Your Spells              Type           Power      Damage    Failure   Level
a - Sting                 Tmut/Pois      48%        1d5       9%          1
b - Poisonous Vapours     Pois/Air       24%        N/A       12%         2
c - Olgreb's Toxic Radia  Pois           22%        N/A       11%         4

Your spell library contained the following spells:

 Spells                   Type           Power      Damage    Failure   Level
 Mephitic Cloud           Conj/Pois/Air  9%         N/A       45%         3
 Apportation              Tloc           4%         N/A       54%         1
 Magic Dart               Conj           8%         1d3       54%         1
 Necrotise                Necr           8%         1d4       54%         1
 Summon Small Mammal      Summ           8%         N/A       54%         1
 Blink                    Tloc           4%         N/A       67%         2
 Call Imp                 Summ           2%         N/A       67%         2
 Searing Ray              Conj           4%         2d4       67%         2
 Static Discharge         Conj/Air       2%         3-4/arc   67%         2
 Call Canine Familiar     Summ           2%         N/A       88%         3
 Dazzling Flash           Conj/Hex       4%         N/A       88%         3
 Inner Flame              Hex/Fire       2%         N/A       88%         3
 Portal Projectile        Hex/Tloc       4%         N/A       88%         3
 Summon Guardian Golem    Hex/Summ       2%         N/A       88%         3
 Alistair's Intoxication  Tmut/Pois      8%         N/A       92%         5
 Cause Fear               Hex            1%         N/A       99%         4
 Leda's Liquefaction      Hex/Erth       1%         N/A       99%         4
 Sticky Flame             Conj/Fire      2%         2d3       99%         4
 Agony                    Necr           2%         N/A       100%        5
 Borgnjor's Vile Clutch   Necr/Erth      1%         N/A       100%        5
 Fireball                 Conj/Fire      1%         3d3       100%        5
 Iskenderun's Battlesphe  Conj           2%         2d6       100%        5
 Lee's Rapid Deconstruct  Erth           1%         3d5*      100%        5
 Lightning Bolt           Conj/Air       1%         1d12      100%        5
 Manifold Assault         Tloc           2%         N/A       100%        5
 Silence                  Hex/Air        1%         N/A       100%        5
 Summon Forest            Summ/Tloc      1%         N/A       100%        5
 Conjure Ball Lightning   Conj/Air       1%         3x3d6     100%        6
 Eringya's Noxious Bog    Tmut/Pois      6%         N/A       100%        6
 Statue Form              Tmut/Erth      1%         N/A       100%        6
 Orb of Destruction       Conj           1%         9d5       100%        7
 Ozocubu's Refrigeration  Ice            1%         4d7       100%        7
 Storm Form               Tmut/Air       1%         N/A       100%        7
 Discord                  Hex            1%         N/A       100%        8
 Ignition                 Fire           1%         3d3       100%        8
 Maxwell's Capacitive Co  Air            1%         ∞         100%        8
 Chain Lightning          Conj/Air       1%         3d1       100%        9
 Death's Door             Necr           1%         N/A       100%        9
 Fire Storm               Conj/Fire      1%         7d1       100%        9
 Shatter                  Erth           1%         3d5*      100%        9


Dungeon Overview and Level Annotations

Branches:
Dungeon (15/15)            Temple (1/1) D:6            Lair (5/5) D:10
  Swamp (4/4) Lair:2       Spider (4/4) Lair:2        Slime (0/5) Lair:4
    Orc (2/2) D:12            Elf (3/3) Orc:2        Vaults (4/5) D:14
  Crypt (0/3) Vaults:2     Depths (0/4) D:15

Altars:
Ashenzari
Cheibriados
Dithmenos
Fedhas
Gozag
Hepliaklqana
Kikubaaqudgha
Makhleb
Nemelex Xobeh
Okawaru
Qazlal
Ru
Sif Muna
Trog
Uskayaw
Vehumet
Wu Jian
Xom
Yredelemnul

Shops:
D:10 [   D:15 [   Orc:2 ((=*   Elf:3 *   Lair:5 (=[   Vaults:1 ((

Annotations:
D:7 1 runed translucent door, SirLogeyBear's ghost, novice HOBe
Lair:2 3 runed translucent doors, Etoade's ghost, journeyman GrCA
Swamp:1 3 runed translucent doors, mikeweasel's ghost, journeyman HOFi
Elf:2 3 runed translucent doors


Innate Abilities, Weirdness & Mutations

You are robust. (+10% HP)
You are completely covered in sharp spines.
When hurt, damage is shared between your health and your magic reserves.
You regenerate magic rapidly.
When low on magic, you restore magic in place of health.
Your movements are less encumbered by armour. (ER -4)
You have a sharp stinger which inflicts weakening toxins.
Your flesh is cold resistant. (rC+)
You are dopey. (Int -2)


Message History

[b] - 160 gold - heal wounds and curing [c] - 550 gold - haste, brilliance and magic Purchase which effect?
You feel much better.
You feel better.
You hear a shout!
The deep elf master archer shoots an arrow.
You block the arrow.
The deep elf high priest mumbles some strange prayers to its god.
The deep elf high priest begins emitting a brilliant aura!
The deep elf master archer shoots an arrow.
You block the arrow.
You hear a shout!
You feel very mighty all of a sudden.
The deep elf master archer shoots an arrow.
The arrow hits you!!
The deep elf high priest calls down the wrath of its god upon you.
Something smites you!
The deep elf annihilator casts a spell.
The deep elf annihilator blinks!
The deep elf master archer shoots an arrow.
You block the arrow.
You completely miss the deep elf master archer.
You tail-slap the deep elf master archer.
The deep elf master archer looks weaker.
The deep elf master archer is almost dead.
The deep elf master archer shoots an arrow.
The arrow hits you!!
* * * LOW HITPOINT WARNING * * *
You slice the deep elf master archer!!
You kill the deep elf master archer!
Training target 14.0 for Dodging reached!
Your Dodging skill increases to level 14!
You stride towards the deep elf annihilator!
You slash the deep elf annihilator!
The deep elf annihilator is lightly wounded.
The deep elf sorcerer seems less brilliant.
The deep elf annihilator gestures at you while chanting.
The iron shot hits you!!!
You die...
Your body crumbles into a pile of gold.

#.....##.##.........#
#..$......).........#
#.....##.####.#.#####
#....$##.# #.#......
###..###.# #.#.#####
##.##### ##### #...#
$ #$$.#$$ $ $$#$@$#$$
$ $$$ ##e## $$ $ ###
$


.ee $ $ #.. $$$$ .$... $$ $ ### $$ ....$.. $$ ..e...... ###.....### ##...## You
could see a deep elf annihilator (empowered), a deep elf sorcerer (fast) and 2
deep elf high priests.

Vanquished Creatures
  Margery (Vaults:2)
  Nikola (Spider:3)
  A bone dragon (Swamp:4)
  Jorgrun (Elf:1)
  Rupert (Orc:2)
  Zenata (Vaults:2)
  3 sphinxes
  A deep elf master archer (Elf:3)
  A tentacled starspawn (Abyss:2)
  2 thorn hunters
  Donald (Swamp:4)
  Agnes (D:15)
  A deep elf sorcerer (Elf:3)
  A fire giant (Vaults:4)
  5 emperor scorpions
  3 frost giants
  5 vault wardens
  Louise (Elf:1)
  3 orc warlords
  5 ghost moths (Spider:4)
  A deep elf elementalist (Elf:3)
  A broodmother (Spider:4)
  5 war gargoyles
  A stone giant (D:15)
  15 ironbound preservers
  6 ironbound thunderhulks
  2 entropy weavers
  14 very ugly things
  16 dire elephants
  4 deep elf demonologists (Elf:3)
  8 eleionomae
  4 bunyips
  5 deep elf annihilators
  3 spark wasps
  2 deep elf death magi (Elf:3)
  A fire dragon (D:14)
  2 crystal guardians (Vaults:4)
  An ettin (Orc:1)
  A deep elf high priest (Elf:3)
  9 yaktaur captains
  4 great orbs of eyes
  An ice dragon (D:14)
  19 hydras
  A spriggan air mage (Swamp:3)
  A spriggan skeleton (Abyss:1)
  4 peacekeepers
  5 vault guards (Vaults:2)
  5 jorogumos
  Erolcha (D:11)
  10 boulder beetles
  13 alligators
  3 radroaches
  2 ghost crabs (Swamp:4)
  2 centaur warriors
  11 ironbound frosthearts
  A merfolk avatar (Lair:5)
  5 ogre magi
  18 two-headed ogres
  An anaconda (shapeshifter) (Vaults:4)
  Erica (Orc:2)
  12 dancing weapons
  A death scarab (Spider:2)
  3 tengu warriors
  8 death yaks
  2 death knights (Vaults:2)
  15 deep elf knights
  8 hell knights
  An iron troll (D:14)
  Amaemon (Lair:1)
  A sixfirhy (Abyss:1)
  A wretched star (Abyss:2)
  7 pharaoh ants
  2 spriggan druids
  5 goliath frogs
  3 sun moths
  5 steelbarb worms
  2 spectral hydras (Swamp:4)
  3 swamp dragons
  7 starcursed masses
  9 bog bodies
  33 deep trolls
  11 orb spiders
  5 wizards
  Pikel (D:4)
  15 deep elf pyromancers
  A phantasmal warrior (Swamp:3)
  6 orc knights
  A lindwurm (Vaults:2)
  12 deep elf archers
  20 wolf spiders
  4 harpies
  23 deep elf zephyrmancers
  13 ironbound convokers
  6 necromancers
  29 ugly things
  An orc sorcerer (Orc:1)
  A stone giant zombie (Vaults:4)
  4 will-o-the-wisps
  3 manticores
  2 fire giant zombies (Vaults:4)
  4 moths of wrath
  8 cyclopes
  A sphinx skeleton (Vaults:4)
  A worldbinder (Abyss:2)
  6 black mambas
  21 elephants
  A frost giant skeleton (Vaults:4)
  2 elf zombies (Vaults:4)
  A guardian serpent (shapeshifter) (D:14)
  14 cane toads
  A gargoyle (D:14)
  22 vault sentinels
  A cane toad (shapeshifter) (D:13)
  9 torpor snails
  2 orange demons
  A kobold demonologist (D:12)
  2 smoke demons
  4 rime drakes
  2 freezing wraiths
  7 demonic crawlers
  4 swamp worm zombies (Swamp:4)
  2 unseen horrors
  13 yaktaurs
  A tengu conjurer (D:14)
  11 komodo dragons
  2 efreet (D:14)
  4 hydra zombies (Swamp:4)
  4 ancient zymes (Abyss:2)
  5 polar bears
  7 tyrant leeches
  3 meliai (Spider:4)
  30 tarantellas
  2 trolls
  A raiju (shapeshifter) (D:13)
  6 hornets
  22 blink frogs
  2 wind drakes (Lair:5)
  Prince Ribbit (Lair:1)
  2 raiju
  4 dream sheep
  A tarantella (shapeshifter) (D:15)
  3 spectral swamp dragons (Swamp:4)
  52 slime creatures
  4 alligator zombies (Swamp:4)
  20 culicivoras
  An air elemental (Elf:3)
  A spriggan (shapeshifter) (Elf:3)
  A ynoxinul (Abyss:2)
  26 jumping spiders
  5 shadows
  3 water elementals
  4 spriggans
  Sigmund (D:6)
  6 wyverns
  4 vampires
  53 yaks
  6 wraiths
  A neqoxec (Abyss:1)
  A golden eye (shapeshifter) (Abyss:2)
  38 redbacks
  A redback simulacrum (D:14)
  3 steam dragons
  7 vampire mosquitoes
  3 basilisks
  Menkaure (D:4)
  6 wargs
  4 large abominations
  3 small abominations
  15 swamp worms
  9 water moccasins
  2 swamp drakes
  25 orc warriors
  A sky beast (D:6)
  5 black bears
  2 ettin simulacra (Vaults:4)
  3 swamp dragon zombies (Swamp:4)
  35 ogres
  6 boggarts (Vaults:2)
  11 wolves
  9 phantoms
  7 centaurs
  3 lemures (D:5)
  14 bullfrogs
  2 scorpions (D:7)
  10 wights (D:8)
  19 killer bees
  3 howler monkeys
  5 electric eels
  4 crimson imps (D:3)
  3 hounds
  9 orc priests
  2 iguanas
  20 orc wizards
  Natasha (thrice) (D:2)
  A spectral swamp drake (Swamp:4)
  6 ogre zombies (D:12)
  Robin (D:3)
  8 gnolls
  4 adders
  2 swamp drake zombies (Swamp:4)
  3 white imps
  An ufetubus (D:6)
  A worm (D:3)
  A dart slug (D:5)
  63 orcs
  10 ball pythons
  3 bats
  8 endoplasms
  6 giant cockroaches
  11 hobgoblins
  2 jackals (D:2)
  6 kobolds
  3 quokkas
  5 frilled lizards
  18 goblins
  A goblin skeleton (D:12)
  3 goblin zombies (D:12)
  A hobgoblin skeleton (D:12)
  2 orc skeletons (D:12)
  12 orc zombies (D:12)
  7 rats
  14 butterflies (Elf:1)
1460 creatures vanquished.

Vanquished Creatures (others)
  A deep elf elementalist (Elf:3)
  A goliath frog (Swamp:4)
  5 bloated husks
  A spriggan (Swamp:4)
  2 culicivoras
  A vampire mosquito (Swamp:4)
  14 foxfires
  19 fungi
  69 plants
  2 starspawn tentacles (Abyss:2)
115 creatures vanquished.

Grand Total: 1575 creatures vanquished

Notes
Turn   | Place    | Note
-------+----------+-------------------------------------------
     0 | D:1      | growler the Demonspawn Wanderer began the quest for the
                  | Orb.
     0 | D:1      | growler set off with the following items: a +0
                  | quarterstaff, a +0 cloak, a scroll of teleportation, a +0
                  | leather armour; and the following spell memorised: Sting;
                  | and the following spells available to memorise: Poisonous
                  | Vapours, Mephitic Cloud.
     0 | D:1      | Reached XP level 1. HP: 13/13 MP: 3/3
   136 | D:1      | Reached skill level 1 in Fighting
   338 | D:1      | Gained mutation: You regenerate magic rapidly. [demonic
                  | ancestry]
   338 | D:1      | Reached XP level 2. HP: 13/22 MP: 3/5
   544 | D:1      | Reached skill level 2 in Fighting
   930 | D:1      | Reached XP level 3. HP: 26/28 MP: 3/6
  1082 | D:1      | Reached skill level 3 in Fighting
  1631 | D:2      | Noticed Natasha
  1644 | D:2      | Killed Natasha
  1645 | D:2      | Reached skill level 4 in Fighting
  1645 | D:2      | Gained mutation: You have a small tail. [demonic ancestry]
  1645 | D:2      | Reached XP level 4. HP: 8/37 MP: 0/7
  1980 | D:2      | Noticed Natasha
  1987 | D:2      | Killed Natasha
  2028 | D:2      | Noticed Natasha
  2040 | D:2      | Killed Natasha
  2211 | D:2      | Gained mutation: You are partially covered in sharp spines.
                  | [demonic ancestry]
  2211 | D:2      | Reached XP level 5. HP: 42/43 MP: 8/8
  2701 | D:3      | Noticed Robin
  2703 | D:3      | Reached skill level 5 in Fighting
  2710 | D:3      | Killed Robin
  3098 | D:3      | Found a shimmering altar of Xom.
  3113 | D:3      | Reached skill level 6 in Fighting
  3113 | D:3      | Gained mutation: You have a tail ending in a sharp stinger.
                  | [demonic ancestry]
  3113 | D:3      | Reached XP level 6. HP: 40/52 MP: 9/9
  3117 | Abyss:1  | Cast into level 1 of the Abyss (crimson imp)
  3135 | D:3      | Escaped the Abyss
  3478 | D:3      | You fall into a shaft and drop 1 floor!
  3850 | D:4      | Noticed Menkaure
  4236 | D:4      | Killed Menkaure
  4237 | D:4      | Reached skill level 7 in Fighting
  4510 | D:4      | Found a burning altar of Makhleb.
  4593 | D:5      | Entered Level 5 of the Dungeon
  4925 | D:5      | Gained mutation: Your movements are slightly less
                  | encumbered by armour. (ER -2) [demonic ancestry]
  4925 | D:5      | Reached XP level 7. HP: 57/60 MP: 10/10
  5080 | D:5      | Noticed Pikel
  5240 | D:4      | Killed Pikel
  5241 | D:4      | Reached skill level 9 in Fighting
  5241 | D:4      | Gained mutation: You have a sharp stinger which inflicts
                  | weakening toxins. [demonic ancestry]
  5241 | D:4      | Reached XP level 8. HP: 5/71 MP: 8/11
  6601 | D:6      | Found an ornate altar of the Wu Jian Council.
  6623 | D:6      | Noticed Sigmund
  6644 | D:6      | Killed Sigmund
  6645 | D:6      | Reached skill level 10 in Fighting
  6923 | D:6      | Found a staircase to the Ecumenical Temple.
  6929 | Temple   | Entered the Ecumenical Temple
  7207 | Temple   | Became a worshipper of Gozag Ym Sagoz the Greedy
  7291 | D:6      | Found a snail-covered altar of Cheibriados.
  7296 | D:6      | Found a basalt altar of Yredelemnul.
  7297 | D:6      | Found a shimmering blue altar of Sif Muna.
  7383 | D:7      | Found a runed translucent door.
  7383 | D:7      | Noticed a kobold demonologist
  7383 | D:7      | Noticed SirLogeyBear's ghost (novice HOBe)
  7833 | D:7      | Found a sparkling altar of Nemelex Xobeh.
  7839 | D:7      | Reached skill level 5 in Armour
  8031 | D:7      | Gained mutation: You are mostly covered in sharp spines.
                  | [demonic ancestry]
  8031 | D:7      | Reached XP level 9. HP: 78/78 MP: 12/12
  8917 | D:8      | Reached skill level 5 in Poison Magic
 10136 | D:8      | Learned a level 2 spell: Poisonous Vapours
 10213 | D:9      | Identified the +9 hand axe of Dominance {freeze, Will+
                  | Int+3 Stlth-}
 10245 | D:9      | Noticed a troll
 10269 | D:9      | Killed a troll
 10270 | D:9      | Reached skill level 1 in Axes
 10270 | D:9      | Reached skill level 5 in Spellcasting
 10273 | D:9      | Gained mutation: When hurt, damage is shared between your
                  | health and your magic reserves. [demonic ancestry]
 10273 | D:9      | Reached XP level 10. HP: 60/85 MP: 17/17
 11253 | D:9      | Reached skill level 5 in Axes
 11606 | D:10     | Entered Level 10 of the Dungeon
 11875 | D:10     | Found a staircase to the Lair.
 11915 | D:10     | Noticed a two-headed ogre
 11937 | D:10     | Killed a two-headed ogre
 12210 | D:10     | Identified the +2 falchion of Departure {drain, +Blink
                  | Dex+3}
 12346 | D:10     | Reached XP level 11. HP: 83/90 MP: 16/18
 12795 | D:11     | Found an opulent altar of Gozag.
 13194 | D:11     | Noticed Erolcha
 13205 | D:11     | Killed Erolcha
 13434 | D:11     | Reached skill level 10 in Axes
 13984 | D:11     | Identified 2 scrolls of acquirement
 13984 | D:11     | Acquired 1197 gold pieces
 13986 | D:11     | Acquired 911 gold pieces
 14089 | D:10     | Bought a pair of heavily runed boots for 294 gold pieces
 14089 | D:10     | Identified the +1 pair of boots of the Ward {Dex+3} (You
                  | bought it in a shop on level 10 of the Dungeon)
 14089 | D:10     | Bought a shiny scale mail for 217 gold pieces
 14106 | Lair:1   | Entered Level 1 of the Lair of Beasts
 14209 | Lair:1   | Noticed Amaemon
 14467 | Lair:1   | Killed Amaemon
 14470 | Lair:1   | Noticed Prince Ribbit
 14480 | Lair:1   | Killed Prince Ribbit
 15536 | Lair:2   | Noticed a four-headed hydra
 15645 | Lair:2   | Noticed a four-headed hydra
 15672 | Lair:2   | Killed a four-headed hydra
 15673 | Lair:2   | Reached XP level 12. HP: 71/97 MP: 12/19
 15676 | Lair:2   | Found a hole to the Spider Nest.
 15762 | Lair:2   | Killed a four-headed hydra
 15895 | Lair:2   | Found a frozen archway.
 16061 | Lair:2   | Found a runed translucent gate.
 16061 | Lair:2   | Found a runed translucent gate.
 16061 | Lair:2   | Found a runed translucent gate.
 16681 | Lair:2   | Found a staircase to the Swamp.
 17075 | Lair:2   | Noticed Etoade's ghost (journeyman GrCA)
 17764 | Lair:3   | Noticed a death yak
 17764 | Lair:3   | Noticed a death yak
 17765 | Lair:3   | Noticed a death yak
 17774 | Lair:3   | Noticed a death yak
 17784 | Lair:3   | Killed a death yak
 17795 | Lair:3   | Killed a death yak
 17813 | Lair:3   | Killed a death yak
 17814 | Lair:3   | Reached skill level 11 in Fighting
 17815 | Lair:3   | Noticed a death yak
 17816 | Lair:3   | Killed a death yak
 17819 | Lair:3   | Gained mutation: Your movements are less encumbered by
                  | armour. (ER -4) [demonic ancestry]
 17819 | Lair:3   | Reached XP level 13. HP: 66/106 MP: 15/20
 18831 | Lair:4   | Acquired the +9 staff of Wucad Mu {*channel}
 18831 | Lair:4   | Found the +9 staff of Wucad Mu {*channel}
 19192 | Lair:4   | Reached skill level 1 in Evocations
 19282 | Lair:4   | Learned a level 4 spell: Olgreb's Toxic Radiance
 19682 | Lair:4   | Reached skill level 12 in Fighting
 19950 | Lair:4   | Found a staircase to the Slime Pits.
 20159 | Lair:5   | Entered Level 5 of the Lair of Beasts
 20719 | Lair:5   | Reached skill level 10 in Armour
 21451 | Lair:5   | Reached XP level 14. HP: 84/116 MP: 19/21
 21539 | Lair:5   | Reached skill level 5 in Evocations
 22162 | Lair:5   | Identified the +2 rapier "Qaleax Guitz" {vorpal, rCorr
                  | Dex+3}
 22177 | Lair:5   | Identified the ring of Bebesa {rC+ Int+2}
 22613 | Lair:5   | Reached skill level 13 in Fighting
 22881 | Lair:5   | Acquired 802 gold pieces
 22886 | Lair:5   | Bought the ring of the Hammering Genius {rF++ SInv Stlth+}
                  | for 507 gold pieces
 23211 | D:12     | Found a shimmering blue altar of Sif Muna.
 23630 | D:12     | Found a staircase to the Orcish Mines.
 23645 | D:12     | Reached skill level 1 in Shields
 24166 | Orc:1    | Entered Level 1 of the Orcish Mines
 24177 | Orc:1    | HP: 4/118 [ettin/+0 great mace (6)]
 25347 | Orc:2    | Entered Level 2 of the Orcish Mines
 25347 | Orc:2    | Found a staircase to the Elven Halls.
 27988 | Orc:2    | Found Guss's Weapon Boutique.
 28397 | Orc:2    | Found Hyuxeces's Assorted Antiques.
 28398 | Orc:2    | Found Faonnicu's Jewellery Boutique.
 28398 | Orc:2    | Found Ogiak's Weapon Shoppe.
 28407 | Orc:2    | Bought the +11 broad axe of the Chewing Visionary
                  | {antimagic, rElec} for 1134 gold pieces
 28437 | Orc:2    | Gained mutation: You are completely covered in sharp
                  | spines. [demonic ancestry]
 28437 | Orc:2    | Reached XP level 15. HP: 118/125 MP: 6/22
 28443 | Abyss:1  | Found a corrupted altar of Lugonu.
 28443 | Abyss:1  | Cast into level 1 of the Abyss (orc wizard)
 28550 | Abyss:1  | Gained mutation: You are dopey. (Int -2) [a neqoxec]
 28556 | Abyss:1  | Gained mutation: Your flesh is cold resistant. (rC+) [a
                  | neqoxec]
 28647 | Abyss:1  | Reached XP level 16. HP: 36/132 MP: 6/23
 28648 | Abyss:1  | Reached skill level 15 in Axes
 28648 | Abyss:1  | Reached XP level 17. HP: 38/138 MP: 6/24
 28708 | Abyss:1  | Noticed a tentacled monstrosity
 29053 | Abyss:2  | Reached skill level 14 in Fighting
 29341 | Orc:2    | Escaped the Abyss
 29616 | Orc:2    | Noticed Rupert
 29633 | Orc:2    | Killed Rupert
 29634 | Orc:2    | Reached skill level 5 in Shields
 29664 | Orc:2    | HP: 2/139 [orc warrior/+0 glaive[an orc warlord] (29)]
 30172 | Orc:2    | Identified the amulet "Kuxokaha" {Rampage Regen+ SInv}
 30506 | Orc:1    | Noticed Erica
 30528 | Orc:2    | Killed Erica
 33258 | D:14     | Found a gate to the Vaults.
 33369 | D:14     | Found a blossoming altar of Fedhas.
 33829 | D:14     | Found a sparkling altar of Nemelex Xobeh.
 34325 | D:15     | Entered Level 15 of the Dungeon
 34393 | D:15     | Noticed Agnes
 34425 | D:15     | Killed Agnes
 35086 | D:15     | Reached skill level 15 in Fighting
 35522 | D:15     | Found a staircase to the Depths.
 35897 | D:15     | Acquired the +6 broad axe "Utuuwkyf" {speed, rElec Will+
                  | Stlth+}
 36103 | Spider:1 | Entered Level 1 of the Spider Nest
 36802 | Spider:1 | Gained mutation: You are robust. (+10% HP) [demonic
                  | ancestry]
 36802 | Spider:1 | Reached XP level 18. HP: 125/163 MP: 21/25
 38285 | Spider:2 | Reached skill level 10 in Poison Magic
 39181 | Spider:3 | Reached skill level 16 in Fighting
 39733 | Spider:3 | Noticed Nikola
 39754 | Spider:3 | Killed Nikola
 40750 | Spider:4 | Entered Level 4 of the Spider Nest
 42155 | Spider:4 | Reached skill level 17 in Fighting
 42949 | Spider:4 | Identified the +1 robe "Evvosm" {rF+ rCorr Int+3 Dex-3
                  | Slay+2}
 43609 | Spider:4 | Found the +3 pair of seven-league boots {Rampage+∞}
 43631 | Spider:4 | Got a gossamer rune of Zot
 43642 | Spider:4 | Identified the +0 pair of boots of the Saviour {-Tele rPois
                  | rN+ rCorr}
 44063 | Swamp:1  | Entered Level 1 of the Swamp
 44097 | Swamp:1  | Reached XP level 19. HP: 148/178 MP: 22/26
 44746 | Swamp:1  | Found a runed translucent gate.
 44747 | Swamp:1  | Found a runed translucent gate.
 44748 | Swamp:1  | Found a runed translucent gate.
 44748 | Swamp:1  | Noticed mikeweasel's ghost (journeyman HOFi)
 45632 | Swamp:2  | Reached skill level 18 in Fighting
 46158 | Swamp:3  | Reached skill level 5 in Dodging
 46661 | Swamp:4  | Entered Level 4 of the Swamp
 47036 | Swamp:4  | Noticed Donald
 47055 | Swamp:4  | Killed Donald
 47561 | Swamp:4  | Noticed a bone dragon
 47786 | Swamp:4  | Killed a bone dragon
 48079 | Swamp:4  | Got a decaying rune of Zot
 48445 | Vaults:1 | Entered Level 1 of the Vaults
 48593 | Vaults:1 | Reached skill level 10 in Shields
 48728 | Vaults:1 | Found Nuav's Antique Weapon Emporium.
 48837 | Vaults:1 | Reached skill level 19 in Fighting
 49019 | Vaults:1 | Reached XP level 20. HP: 69/191 MP: 10/27
 49334 | Vaults:1 | Found Weof's Weapon Shop.
 50076 | Vaults:2 | Noticed Margery
 50095 | Vaults:2 | Killed Margery
 50403 | Vaults:2 | Found the ring of Shadows {Umbra +Inv Stlth+}
 50820 | Vaults:2 | Found a staircase to the Crypt.
 51284 | Vaults:2 | Noticed Zenata
 51305 | Vaults:2 | Killed Zenata
 51443 | Vaults:2 | Reached skill level 20 in Fighting
 51444 | Vaults:2 | Reached skill level 10 in Dodging
 53208 | Vaults:3 | Reached skill level 21 in Fighting
 53210 | Vaults:3 | Gained mutation: When low on magic, you restore magic in
                  | place of health. [demonic ancestry]
 53210 | Vaults:3 | Reached XP level 21. HP: 193/204 MP: 28/28
 53399 | Vaults:3 | Identified the +5 arbalest of Muda {penet, Str+2}
 54213 | Vaults:4 | Identified the +2 ring mail of Icryxtog {MP+9 Str+4}
 54788 | Vaults:4 | Got the Precepts of Mortuary Beckoning
 55366 | Vaults:1 | Bought 2 silver javelins for 62 gold pieces
 55536 | D:15     | Bought the +17 plate armour "Uxzupaih" {Dex+3} for 2177
                  | gold pieces
 55720 | Elf:1    | Entered Level 1 of the Elven Halls
 55766 | Elf:1    | Found a huge runed gate.
 55766 | Elf:1    | Found a huge runed gate.
 55767 | Elf:1    | Found a huge runed gate.
 55771 | Elf:1    | Found a huge runed gate.
 55776 | Elf:1    | Found a huge runed gate.
 55778 | Elf:1    | Found a huge runed gate.
 55780 | Elf:1    | Found a huge runed gate.
 55781 | Elf:1    | Found a huge runed gate.
 55781 | Elf:1    | Found a huge runed gate.
 55782 | Elf:1    | Found a huge runed gate.
 55782 | Elf:1    | Found a huge runed gate.
 55783 | Elf:1    | Found a huge runed gate.
 55784 | Elf:1    | Found a huge runed gate.
 55786 | Elf:1    | Found a huge runed gate.
 55944 | Elf:1    | Found a huge runed gate.
 55945 | Elf:1    | Found a huge runed gate.
 55951 | Elf:1    | Found a huge runed gate.
 55951 | Elf:1    | Found a huge runed gate.
 55959 | Elf:1    | Found a huge runed gate.
 55959 | Elf:1    | Found a huge runed gate.
 55959 | Elf:1    | Found a huge runed gate.
 55959 | Elf:1    | Found a huge runed gate.
 55961 | Elf:1    | Found a huge runed gate.
 55969 | Elf:1    | Found a huge runed gate.
 55969 | Elf:1    | Found a huge runed gate.
 55969 | Elf:1    | Found a huge runed gate.
 55969 | Elf:1    | Found a huge runed gate.
 55969 | Elf:1    | Found a huge runed gate.
 55969 | Elf:1    | Found a huge runed gate.
 56027 | Elf:1    | Reached skill level 1 in Throwing
 56037 | Elf:1    | Noticed Louise
 56060 | Elf:1    | Killed Louise
 56170 | Elf:1    | Reached skill level 22 in Fighting
 56206 | Elf:1    | Got the Codex of Conflict
 56243 | Elf:1    | Found a huge runed gate.
 56243 | Elf:1    | Found a huge runed gate.
 56244 | Elf:1    | Found a huge runed gate.
 56252 | Elf:1    | Found a huge runed gate.
 56252 | Elf:1    | Found a huge runed gate.
 56252 | Elf:1    | Found a huge runed gate.
 56252 | Elf:1    | Found a huge runed gate.
 56337 | Elf:1    | Noticed Jorgrun
 56349 | Elf:1    | Killed Jorgrun
 56961 | Elf:2    | Identified the +1 buckler of Complete Protection {Will+}
 57377 | Elf:2    | Found a runed translucent gate.
 57377 | Elf:2    | Found a runed translucent gate.
 57379 | Elf:2    | Found a runed translucent gate.
 57438 | Elf:3    | Entered Level 3 of the Elven Halls
 57584 | Elf:3    | Found Oreimeecw's Assorted Antiques.
 57825 | Elf:3    | Reached XP level 22. HP: 94/215 MP: 13/29
 57831 | Elf:3    | Identified the +5 great sword of a Gauntlet {vorpal, Int+4}
 58261 | Elf:3    | Identified the +7 war axe of Doubt {venom, Int+2 Stlth+}
 58272 | Elf:3    | Killed from afar by a deep elf annihilator

Illustrated notes

Levels and vault maps discovered:
D:1:      sevenhm_arrival_forest_fort_small_6, layout_basic
D:2:      minmay_evil_eye, layout_loops_cross, uniq_natasha
D:3:      layout_basic, led_xom_imps, uniq_robin
D:4:      layout_rooms, lightli_temple_of_fire, minmay_three_crescents,
          uniq_menkaure
D:5:      layout_loops_ring, uniq_pikel
D:6:      layout_cave_pools, nzn_wu_jian_council_hall, minitemple,
          minmay_temple_entry_fiery, uniq_sigmund
D:7:      layout_loops_ring, mainiacjoe_overflow_cross_hatched,
          ebering_ghost_inner_flame, chequers_big_river
D:8:      layout_loops_ring, minmay_misc_feat_enclosed
D:9:      layout_small_grid, nicolae_overflow_crystal_walls, eino_jars
D:10:     layout_loops_ring, lair_entry_dummy
D:11:     layout_stronghold, grunt_gozag_breadcrumbs, uniq_erolcha
D:12:     layout_basic, zombieorc1_lemuel, led_sif_pool
D:13:     layout_stronghold
D:14:     kennysheep_scales, layout_loops_ring, david_vaults_4,
          nemelex_diamond_rough_becter, grunt_decor_clamped,
          hangedman_decor_clover_reticule, fedhas_ov_isle_minmay
D:15:     grunt_enter_depths_snipers, layout_loops_ring, grunt_decor_fettered,
          uniq_agnes
Temple:   eino_narrow_crystal_temple
Lair:1:   layout_hall_layers, uniq_prince_ribbit2, uniq_amaemon
Lair:2:   layout_cave_shapes, minmay_swamp_entry_worms, dummy_spider_entry,
          portal_ice_cave_entry_pillars_1, gammafunk_ghost_icy
Lair:3:   layout_misc_corridors, chequers_serial_rivers_micro_d, st_stairs_8,
          beast_lair_carwin_7, grunt_megastairs_3, wad_woods_river_01
Lair:4:   layout_long_grid, slime_entry_1, minivault_24, serial_bayou_shore_a,
          serial_bayou_shore_b
Lair:5:   gammafunk_lair_ancient_temple, layout_gridlike, st_stairs_10
Swamp:1:  layout_falls_marsh, gammafunk_ghost_split, hangedman_swamp_pad
Swamp:2:  layout_basic_swamp, nicolae_swamp_little_tower
Swamp:3:  layout_falls_marsh, infiniplex_staircase_pool
Swamp:4:  swamp_pestilence, layout_basic_swamp, uniq_donald
Spider:1: layout_spider_delve
Spider:2: nicolae_spider_hall_of_the_moth_king
Spider:3: layout_spider_delve, drop_trap, uniq_nikola
Spider:4: grunt_spider_rune_island
Orc:1:    layout_diamond_mine, uniq_erica
Orc:2:    st_orc_ogre_mass, layout_caves, nicolae_orc_stony_grotto,
          nooodl_orcs_dogs, uniq_rupert
Elf:1:    layout_gridlike, minmay_elf_annihilation, not_door_vault_mu,
          dreamdust_princess_bridge, minmay_misc_feat_columns, uniq_louise,
          uniq_jorgrun
Elf:2:    nicolae_elf_blades_splatter_lattice [nicolae_blade_entry_antechamber],
          layout_geoelf_diagonals, amcnicky_mini_pool_small,
          grunt_ministairs_14, minivault_23, nicolae_elf_v_pinch
Elf:3:    minmay_elf_hall_not_hex, layout_loops_corners, drop_trap,
          grunt_megastairs_4, minmay_shop_star
Vaults:1: ontoclasm_vaults_misaligned, v_misc_29, v_misc_8, v_alt_pattern_6,
          vaults_mumra_hexcomb, ontoclasm_vaults_twist,
          nicolae_vaults_little_ls, ontoclasm_vaults_loading_screen,
          nicolae_vaults_shelves_hall, vaults_dpeg_diagonal,
          ontoclasm_vaults_chip, layout_vaults_omnigrid, serial_shops,
          nicolae_shop_advertising_works [nicolae_subvault_shop_adworks], shop
Vaults:2: nicolae_vaults_triangles, blue_anna_dwarven_crypt,
          nicolae_vaults_specimen_jars, v_misc_33, ontoclasm_vaults_idyll,
          nicolae_vaults_gold_heap, nicolae_vaults_asterisk,
          hangedman_vaults_stagger, vaults_standard_mumra_enter_the_diamond,
          serial_ice_h, nicolae_vaults_little_squares_3,
          nicolae_vaults_network_s, nicolae_vaults_mini_display_case,
          layout_vaults_big_cross, uniq_zenata, uniq_margery
Vaults:3: hangedman_vaults_slice, vaults_dpeg_cross,
          ontoclasm_vaults_ring_large, nicolae_vaults_yaktaur_gun_rack,
          v_misc_4, v_alt_pattern_1, nicolae_vaults_an_arrangement,
          nicolae_vaults_network_star, nicolae_vaults_alarming,
          hangedman_vaults_stretched_pinwheel, grunt_vaults_diagonal,
          nicolae_vaults_little_squares_6, layout_vaults_ring
Vaults:4: v_misc_1, ontoclasm_vaults_loading_screen, st_cells,
          vaults_dpeg_spiral, nicolae_vaults_big_angled_halls,
          hangedman_vaults_nails, v_misc_2, vaults_standard_mumra_x,
          nicolae_vaults_windows_and_doors_thing,
          nicolae_vaults_network_quincunx
          [nicolae_vaults_network_quincunx_subvault,
          nicolae_vaults_network_quincunx_subvault,
          nicolae_vaults_network_quincunx_subvault,
          nicolae_vaults_network_quincunx_subvault,
          nicolae_vaults_network_quincunx_subvault], vaults_room_hallway,
          grunt_vaults_focal, layout_vaults_omnibox

Skill      XL: |  1  2  3  4  5  6  7  8  9 10 11 12 13 14 15 16 17 18 19 20 21 22 |
---------------+-------------------------------------------------------------------+-----
Fighting       | 1 2 4 6 7 9 10 11 12 13 15 17 19 21 22 | 22.2
Armour         | 5 6 7 8 10 11 12 13 | 13.3
Spellcasting   | 5 |  5.0
Poison Magic   | 6 7 8 9 10 | 10.0
Axes           | 1 7 12 14 15 16 18 | 18.0
Evocations     | 4 7 8 |  8.0
Shields        | 4 7 10 | 10.8
Dodging        | 2 8 11 13 14 | 14.0
Throwing       | 3 |  3.9
Staves         | |  1.7

Action                   |  1- 3 |  4- 6 |  7- 9 | 10-12 | 13-15 | 16-18 | 19-21 | 22-24 || total
-------------------------+-------+-------+-------+-------+-------+-------+-------+-------++-------
Melee: Quarterstaff      |    46 |    99 |   148 |       |       |       |       |       ||   293
       Tailslap          |       |     9 |    34 |    89 |   178 |   265 |   526 |    10 ||  1111
       Hand axe          |       |       |     9 |   419 |   725 |       |       |       ||  1153
       Punch             |       |       |     1 |    13 |     8 |       |       |       ||    22
       Demon whip        |       |       |       |    20 |    31 |    20 |    48 |       ||   119
       Broad axe         |       |       |       |       |    48 |  1242 |  2088 |    58 ||  3436
 Cast: Sting             |    59 |    25 |    31 |     5 |       |       |       |       ||   120
       Poisonous Vapours |       |       |       |     7 |       |       |       |       ||     7
       Olgreb's Toxic Ra |       |       |       |       |       |       |     2 |       ||     2
Invok: Call Merchant     |       |       |       |     1 |     3 |     1 |       |       ||     5
       Potion Petition   |       |       |       |       |       |     4 |     6 |     1 ||    11
 Abil: Evoke Invisibilit |       |       |       |       |       |       |     1 |       ||     1
Evoke: Wand              |       |       |     4 |     2 |     5 |     3 |       |       ||    14
       Lightning rod     |       |       |       |       |       |     1 |     2 |       ||     3
  Use: Scroll            |       |     3 |     5 |    15 |    14 |     7 |     1 |       ||    45
       Potion            |       |     1 |     1 |       |     3 |     6 |     1 |     2 ||    14
 Stab: Sleeping          |     1 |       |     3 |       |     1 |    13 |    44 |       ||    62
       Distracted        |       |       |       |     4 |     6 |    19 |    10 |       ||    39
       Invisible         |       |       |       |       |       |     2 |     1 |       ||     3
Armor: Leather armour    |    13 |    25 |    25 |    50 |       |       |       |       ||   113
       Plate armour      |       |       |    39 |       |       |       |       |       ||    39
       Scale mail        |       |       |       |    99 |   306 |   555 |   539 |     4 ||  1503
Dodge: Dodged            |    32 |    52 |   119 |   207 |   337 |   463 |   633 |     9 ||  1852
Block: Kite shield       |       |       |       |       |   129 |   598 |   783 |    19 ||  1529
